 Dungeon Crawl Stone Soup version 0.28-a0-1616-g050a50673c (webtiles) character file.

Game seed: 13131113469372313008

48 hashsling the Grave Robber (level 3, -2/19 HPs)
             Began as a Deep Elf Necromancer on Jan 22, 2022.
             Slain by an ufetubus (5 damage)
             ... on level 3 of the Dungeon.
             The game lasted 00:03:11 (2801 turns).

hashsling the Grave Robber (Deep Elf Necromancer)   Turns: 2801, Time: 00:03:13

Health: -2/19      AC:  2    Str:  5    XL:     3   Next: 50%
Magic:  10/10      EV: 13    Int: 21    God:
Gold:   78         SH:  0    Dex: 15    Spells: 4/9 levels left

rFire   . . .      SeeInvis .   b - +0 spear
rCold   + . .      Faith    .   (no shield)
rNeg    . . .      Spirit   .   a - +0 robe
rPois   .          Reflect  .   (no helmet)
rElec   .          Harm     .   (no cloak)
rCorr   .          Rampage  .   (no gloves)
Will    .....                   (no boots)
Stlth   ++........              (no amulet)
HPRegen 0.06/turn               f - ring of protection from cold
MPRegen 0.12/turn               (no ring)

@: no status effects
A: no striking features
a: no special abilities


You were on level 3 of the Dungeon.
You visited 1 branch of the dungeon, and saw 3 of its levels.

You collected 78 gold pieces.

Inventory:

Hand Weapons
 b - a +0 spear (weapon)
Armour
 a - a +0 robe (worn)
Jewellery
 f - a ring of protection from cold (left hand)
Scrolls
 d - a scroll of blinking
 e - a scroll of vulnerability {unknown}
 g - a scroll of teleportation {unknown}
 k - a scroll of fog {unknown}
 l - a scroll of noise {unknown}
Potions
 c - a potion of cancellation
 h - a potion of might
 i - a potion of haste {unknown}


   Skills:
 + Level 3.1 Dodging
 + Level 3.3 Stealth
 + Level 3.6 Spellcasting
 + Level 5.3 Necromancy


You had 4 spell levels left.
You knew the following spells:

 Your Spells              Type           Power      Damage    Failure   Level
a - Pain                  Necr           100%       1d9       1%          1
b - Animate Skeleton      Necr           52%        N/A       1%          1
c - Vampiric Draining     Necr           26%        2d7       4%          3

Your spell library contained the following spells:

 Spells                   Type           Power      Damage    Failure   Level
 Animate Dead             Necr           13%        N/A       14%         4
 Agony                    Necr           26%        N/A       36%         5


Dungeon Overview and Level Annotations

Branches:
Dungeon (3/15)

Altars:


Message History

Found 2 gold pieces.
The goblin shouts!
The goblin writhes in agony.
You kill the goblin!
Things that are here:
a +0 dagger; a goblin corpse You now have 78 gold pieces (gained 2).
You open the door.
An ufetubus comes into view.
There is an open door here.
You can't see any susceptible monsters within range! (Use Z to cast anyway.)
The ufetubus misses you. The ufetubus closely misses you.
You can't see any susceptible monsters within range! (Use Z to cast anyway.)
You closely miss the ufetubus. The ufetubus closely misses you. x2
You closely miss the ufetubus. The ufetubus closely misses you.
The ufetubus hits you. x3
You hit the ufetubus.
The ufetubus is moderately wounded.
The ufetubus closely misses you. The ufetubus misses you.
The ufetubus closely misses you. The ufetubus hits you.
Casting: Pain (safe; 1% risk of failure)
Confirm with . or Enter, or press ? or * to list all spells.
You can't see any susceptible monsters within range! (Use Z to cast anyway.)
Casting: Pain (safe; 1% risk of failure)
Confirm with . or Enter, or press ? or * to list all spells.
You can't see any susceptible monsters within range! (Use Z to cast anyway.)
Casting: Pain (safe; 1% risk of failure)
Confirm with . or Enter, or press ? or * to list all spells.
You can't see any susceptible monsters within range! (Use Z to cast anyway.)
You miss the ufetubus.
The ufetubus is moderately wounded.
The ufetubus misses you. The ufetubus barely misses you.
You hit the ufetubus.
The ufetubus is severely wounded.
The ufetubus hits you. x2
* * * LOW HITPOINT WARNING * * *
The ufetubus hits you.
* * * LOW HITPOINT WARNING * * *
The ufetubus hits you.
You die...

##.##.###.##
##########...........
#................#.#
#...)..............#
##.#######.####.#####
#...#### #.# #.#
#......# #.# #.#
#...##.# #.# ##'##
##.###.# #.# #..@#
##.###.###.##....5#
##.........#.......#
####...####.........#
..........+.........+
####...####.........#
# ##..# ##.......## #
..... ##.....##
##...#


You could see an ufetubus.

Vanquished Creatures
  2 worms (D:2)
  2 dart slugs (D:2)
  5 ball pythons
  2 bats
  4 endoplasms
  4 giant cockroaches
  2 goblins
  3 hobgoblins
  2 quokkas
  2 frilled lizards (D:1)
  2 kobolds (D:1)
  6 rats
36 creatures vanquished.

Notes
Turn   | Place    | Note
-------+----------+-------------------------------------------
     0 | D:1      | hashsling the Deep Elf Necromancer began the quest for the
                  | Orb.
     0 | D:1      | Reached XP level 1. HP: 10/10 MP: 6/6
   433 | D:1      | Found a faded altar of an unknown god.
   613 | D:1      | Reached skill level 5 in Necromancy
   613 | D:1      | Reached XP level 2. HP: 14/15 MP: 6/8
  1765 | D:2      | Reached XP level 3. HP: 16/19 MP: 7/10
  1834 | D:2      | Learned a level 1 spell: Animate Skeleton
  1838 | D:2      | Learned a level 3 spell: Vampiric Draining
  2801 | D:3      | Slain by an ufetubus

Illustrated notes

Levels and vault maps discovered:
D:1:      dpeg_arrival_lava_altar, layout_loops_ring,
          hellmonk_ecumenical_altar_zigzags
D:2:      layout_basic
D:3:      layout_loops_corners

Skill      XL: |  1  2 |
---------------+-------+-----
Necromancy     | 5 |  5.3
Stealth        | 3 |  3.3
Dodging        | 3 |  3.1
Spellcasting   | |  3.6

Action                   || total
-------------------------++-------
Melee: Spear             ||    64
       Punch             ||     1
 Cast: Pain              ||    41
       Vampiric Draining ||     2
  Use: Scroll            ||     3
 Stab: Sleeping          ||     3
Armor: Robe              ||    12
Dodge: Dodged            ||    47

Table legend: (Time is in decaauts)
 A = Elapsed time spent in this place.
 B = Non-inter-level travel time spent in this place.
 C = Inter-level travel time spent in this place.
 D = Time resting spent in this place.
 E = Time spent auto-exploring this place.
 F = Levels seen in this place.
 G = Mean time per level.
                   A        B        C        D        E       F      G
               +--------+--------+--------+--------+--------+-----+--------+
         Total |   2805 |   2711 |     94 |      0 |   2474 |   3 |  935.0 |
       Dungeon |   2805 |   2711 |     94 |      0 |   2474 |   3 |  935.0 |
               +--------+--------+--------+--------+--------+-----+--------+

Top non-repeatable levels by time:
     D:1: 1440 daAuts
     D:2: 1275 daAuts
     D:3: 89 daAuts
